 Dungeon Crawl Stone Soup version 0.20-a0-1116-gaa52201 (webtiles) character file.

2170 grindst0ne the Cleaver (level 9, -4/89 HPs)
             Began as a Minotaur Berserker on May 8, 2017.
             Was an Elder of Trog.
             Engulfed by a steam dragon's steam (5 damage)
             ... on level 7 of the Dungeon.
             The game lasted 00:18:32 (5504 turns).

grindst0ne the Cleaver (Minotaur Berserker)         Turns: 5504, Time: 00:18:33

Health: -4/89      AC: 10    Str: 25    XL:     9   Next: 11%
Magic:  8/8        EV:  8    Int:  4    God:    Trog [****..]
Gold:   248        SH:  7    Dex: 10    Spells: 8/8 levels left

rFire    . . .     SeeInvis .   p - +0 war axe
rCold    . . .     Gourm    .   l - +0 shield
rNeg     . . .     Faith    .   y - +2 ring mail {rPois}
rPois    +         Spirit   .   (helmet restricted)
rElec    .         Reflect  .   o - +0 cloak
rCorr    .         Harm     .   (no gloves)
MR       .....                  (no boots)
Stlth    ..........             (no amulet)
Regen    0.3/turn               (no ring)
MPRegen  0.2/turn               (no ring)

@: flying, slowed, very slow
A: retaliatory headbutt, horns 2, clumsy 1, mutation resistance 1, robust 1,
strong 1
a: Berserk, Trog's Hand, Brothers in Arms, Burn Spellbooks, Renounce Religion


You were on level 7 of the Dungeon.
You worshipped Trog.
Trog was greatly pleased with you.
You were not hungry.

You visited 1 branch of the dungeon, and saw 7 of its levels.

You collected 248 gold pieces.

Inventory:

Hand Weapons
 p - a +0 war axe (weapon)
 G - a +0 blowgun
Missiles
 C - 4 tomahawks (quivered)
 D - a throwing net
 F - 49 poisoned needles
 H - 81 stones
Armour
 b - a +0 animal skin
 f - a +0 scale mail
 l - a +0 shield (worn)
 m - a +0 chain mail
 o - a +0 cloak (worn)
 y - a +2 ring mail of poison resistance (worn)
Jewellery
 w - an uncursed ring of ice {unknown}
Wands
 A - a wand of lightning (6/15)
 E - a wand of digging (9/24)
Scrolls
 h - 13 scrolls of identify {unknown}
 j - 3 scrolls of random uselessness {unknown}
 n - a scroll of fog {unknown}
 q - a scroll of amnesia {unknown}
 r - 3 scrolls of recharging {unknown}
 s - 3 scrolls of magic mapping {unknown}
 t - a scroll of blinking {unknown}
 v - 2 scrolls of teleportation {unknown}
 x - a scroll of noise {unknown}
 z - 3 scrolls of remove curse
Potions
 d - 2 potions of curing
 e - 2 potions of mutation
 g - 3 potions of flight
 i - a potion of magic {unknown}
 u - a potion of brilliance {unknown}
Comestibles
 c - 3 bread rations
 k - 6 royal jellies
 B - 3 meat rations
 I - a mutagenic chunk of flesh


   Skills:
 + Level 8.2 Fighting
 * Level 10.3 Axes
 + Level 8.0 Armour
 - Level 2.1 Dodging


You had 8 spell levels left.
You didn't know any spells.

Dungeon Overview and Level Annotations

Branches:
Dungeon (7/15)             Temple (0/1) D:4

Altars:
Ashenzari
Cheibriados
Fedhas
Gozag
Nemelex Xobeh
Qazlal
The Shining One

Shops:
D:4 (


Innate Abilities, Weirdness & Mutations

You reflexively headbutt those who attack you in melee.
You have a pair of horns on your head.
You are clumsy. (Dex -2)
You are somewhat resistant to further mutation.
You are robust. (+10% HP)
Your muscles are strong. (Str +2)


Message History

The steam dragon bites you but does no damage.
The steam dragon barely misses you.
It was a potion of curing.
You feel better. The steam dragon bites you.
* * * LOW HITPOINT WARNING * * *
The steam dragon claws you but does no damage.
The insubstantial wisp blinks!
It was a potion of mutation.
You feel extremely strange.
You feel clumsy.
You feel stronger.
You feel robust.
You feel genetically stable. The steam dragon breathes steam at you.
The ball of steam hits you!
* * * LOW HITPOINT WARNING * * *
The steam dragon bites you.
* * * LOW HITPOINT WARNING * * *
You block the steam dragon's attack.
It was a potion of flight.
You feel very buoyant.
You fly up into the air.
You are engulfed in a cloud of scalding steam.
You die...

#.....a.#§§≈≈≈
#........#≈≈≈≈
#.............
#......#.§... #.v....# §..
#......# # #.a...##
##D#### #@# #.#
#######§######
#..............
#.###.#######.. #.# #.#
###'###.# #..#
#.......#######..#######
#......................###


You could see a steam dragon, an insubstantial wisp and a worker ant.

Vanquished Creatures
  Grinder (D:6)
  Edmund (D:4)
  The ghost of esteth the Insei, an amateur OpTm (D:4)
  An ice beast (D:5)
  A sky beast (D:7)
  3 ogres
  2 centaurs
  A big kobold (D:5)
  A bullfrog (D:6)
  3 scorpions
  A howler monkey (D:6)
  A crimson imp (D:6)
  7 hounds
  2 jellies
  An orc priest (D:4)
  2 orc wizards
  Crazy Yiuf (D:6)
  An iguana (D:6)
  7 worker ants
  A hound zombie (D:4)
  4 adders
  3 gnolls (D:5)
  2 shadow imps
  3 oozes
  A worm (D:5)
  6 dart slugs
  4 leopard geckos
  18 orcs
  5 giant cockroaches
  12 goblins
  4 hobgoblins
  9 jackals
  2 quokkas
  2 ball pythons
  3 bats
  8 frilled lizards
  29 kobolds
  A quokka skeleton (D:4)
  6 rats
  4 plants (D:5)
165 creatures vanquished.

Vanquished Creatures (others)
  A sky beast (D:7)
  An orc wizard (D:5)
  A rat (D:1)
3 creatures vanquished.

Grand Total: 168 creatures vanquished

Notes
Turn   | Place    | Note
-------+----------+-------------------------------------------
     0 | D:1      | grindst0ne the Minotaur Berserker began the quest for the Orb.
     0 | D:1      | Reached XP level 1. HP: 19/19 MP: 0/0
    81 | D:1      | Reached XP level 2. HP: 26/27 MP: 1/1
   429 | D:1      | Reached XP level 3. HP: 33/33 MP: 2/2
  1220 | D:1      | Reached ** piety under Trog
  1520 | D:2      | Found a snail-covered altar of Cheibriados.
  1581 | D:2      | Found a blossoming altar of Fedhas.
  1676 | D:2      | Found a glowing golden altar of the Shining One.
  2479 | D:3      | Reached XP level 4. HP: 41/41 MP: 3/3
  2491 | D:3      | Found a sparkling altar of Nemelex Xobeh.
  2501 | D:3      | Found a shattered altar of Ashenzari.
  2747 | D:3      | Reached skill level 5 in Fighting
  2847 | D:3      | Reached skill level 4 in Axes
  2967 | D:4      | Noticed Edmund
  2978 | D:4      | Killed Edmund
  2978 | D:4      | Reached skill level 5 in Axes
  2978 | D:4      | Reached skill level 5 in Armour
  2978 | D:4      | Reached XP level 5. HP: 48/48 MP: 4/4
  3010 | D:4      | Reached XP level 6. HP: 56/56 MP: 5/5
  3085 | D:4      | Found a stormy altar of Qazlal.
  3203 | D:4      | Found Otoocoex's Weapon Emporium.
  3213 | D:4      | Reached *** piety under Trog
  3405 | D:4      | Noticed esteth's ghost (amateur OpTm)
  3416 | D:4      | Killed esteth's ghost
  3416 | D:4      | Reached skill level 6 in Axes
  3481 | D:4      | Reached XP level 7. HP: 57/63 MP: 6/6
  3559 | D:4      | Found a staircase to the Ecumenical Temple.
  3680 | D:5      | Entered Level 5 of the Dungeon
  3687 | D:5      | Reached skill level 7 in Axes
  4010 | D:5      | Reached **** piety under Trog
  4025 | D:5      | Reached skill level 8 in Axes
  4034 | D:5      | Reached XP level 8. HP: 62/71 MP: 7/7
  4654 | D:6      | Noticed Grinder
  4657 | D:6      | Paralysed by Grinder for 2 turns
  4665 | D:6      | Killed Grinder
  4665 | D:6      | Reached skill level 9 in Axes
  4883 | D:6      | Found a runed door.
  4888 | D:6      | Noticed Crazy Yiuf
  4893 | D:6      | Killed Crazy Yiuf
  5056 | D:6      | Reached skill level 10 in Axes
  5265 | D:6      | Reached XP level 9. HP: 61/81 MP: 8/8
  5360 | D:6      | Found an opulent altar of Gozag.
  5503 | D:7      | Gained mutation: You are clumsy. (Dex -2) [potion of mutation]
  5503 | D:7      | Gained mutation: Your muscles are strong. (Str +2) [potion of mutation]
  5503 | D:7      | Gained mutation: You are robust. (+10% HP) [potion of mutation]
  5503 | D:7      | Gained mutation: You are somewhat resistant to further mutation. [potion of mutation]
  5503 | D:7      | HP: 4/89 [steam dragon/ball of steam (6)]
  5503 | D:7      | HP: 1/89 [steam dragon (3)]
  5504 | D:7      | Engulfed by a steam dragon's steam

Vault maps used:
D:1:      dpeg_arrival_radiant, lemuel_flame_loot_1
D:2:      cheibrodos_old_hovel, tso_metal_star, cheibriados_altar_1,
          fedhas_altar_4, first_bread
D:3:      nicolae_overflow_crystal_walls, nemelex_dance_club_becter
D:4:      temple_green, serial_shops, nicolae_shop_crystal,
          minmay_misc_feat_chi, serial_park_tiny_1,
          nicolae_qazlal_eye_of_the_storm, uniq_edmund
D:5:      kennysheep_kobold_camp
D:6:      grunt_gozag_breadcrumbs, uniq_grinder, uniq_crazy_yiuf_cottage
D:7:      chequers_temple_overflow_statue_of_worship, hangedman_misty_isle

Skill      XL: |  1  2  3  4  5  6  7  8  9 |
---------------+----------------------------+-----
Fighting       | 4 5 6 8 |  8.2
Armour         | 3 4 5 6 7 8 |  8.0
Axes           | 5 6 8 10 | 10.3
Dodging        | |  2.1

Action                   |  1- 3 |  4- 6 |  7- 9 || total
-------------------------+-------+-------+-------++-------
Melee: Hand axe          |   117 |    31 |       ||   148
       Headbutt          |    14 |    19 |    35 ||    68
       War axe           |       |    66 |   185 ||   251
Invok: Berserk           |     4 |     6 |    10 ||    20
  Use: Scroll            |     2 |     1 |       ||     3
       Potion            |       |       |     3 ||     3
  Eat: Chunk             |     8 |     9 |    17 ||    34
Armor: Animal skin       |     2 |       |       ||     2
       Scale mail        |    10 |       |       ||    10
       Chain mail        |    41 |    13 |       ||    54
       Ring mail         |       |    25 |    69 ||    94
Dodge: Dodged            |    44 |    24 |    74 ||   142
Block: Shield            |    25 |    41 |    82 ||   148
